Workbook

Sheet Introduction
F5: Harmonised Transparency Template
F7: Polska
F8: ING Bank Hipoteczny Spółka Akcyjna
F9: Reporting Date: 21/10/20
F10: Cut-off Date: 30/09/20
F22: Index
D24: Worksheet A: HTT General | E24: Tab 1: Harmonised Transparency Template
D26: Worksheet B1: HTT Mortgage Assets
D28: Worksheet C: HTT Harmonised Glossary | E28: Tab 1: Harmonised Transparency Template

Sheet A. HTT General
A1: A. Harmonised Transparency Template - General Information
B3: Reporting in Domestic Currency | C3: PLN
B5: CONTENT OF TAB A
B6: 1. Basic Facts
B7: 2. Regulatory Summary
B8: 3. General Cover Pool / Covered Bond Information | F8: `
B9: 4. References to Capital Requirements Regulation (CRR) 129(7)
B10: 5. References to Capital Requirements Regulation (CRR) 129(1)
B11: 6. Other relevant information
A13: Field Number | B13: 1. Basic Facts
A14: G.1.1.1 | B14: Country | C14: Polska
A15: G.1.1.2 | B15: Issuer Name | C15: ING Bank Hipoteczny Spółka Akcyjna
A16: G.1.1.3 | B16: Link to Issuer's Website | C16: https://www.inghipoteczny.pl
A17: G.1.1.4 | B17: Cut-off date | C17: 30/09/20
A18: OG.1.1.1 | B18: Optional information e.g. Contact names | C18: Michał Dumicz Treasurer M: + 48 887 661 631 E: michal.dumicz@inghipoteczny.pl
A19: OG.1.1.2 | B19: Optional information e.g. Parent name | C19: ING Bank Śląski Spółka Akcyjna
A20: OG.1.1.3
A21: OG.1.1.4
A22: OG.1.1.5
A23: OG.1.1.6
A24: OG.1.1.7
A25: OG.1.1.8
B26: 2. Regulatory Summary
A27: G.2.1.1 | B27: UCITS Compliance (Y/N) | C27: Y
A28: G.2.1.2 | B28: CRR Compliance (Y/N) | C28: Y
A29: G.2.1.3 | B29: NBP repo eligibility | C29: Yes; ISIN: XS2063297423
A30: OG.2.1.1 | B30: Solvency II compliance | C30: Yes
A31: OG.2.1.2
A32: OG.2.1.3
A33: OG.2.1.4
A34: OG.2.1.5
A35: OG.2.1.6
B36: 3. General Cover Pool / Covered Bond Information
B37: 1.General Information | C37: Nominal (mn)
A38: G.3.1.1 | B38: Cover Pool Size | C38: =C58 -> 2.9933761e+09
A39: G.3.1.2 | B39: Outstanding Covered Bonds | C39: 400000000
A40: OG.3.1.1 | B40: Cover Pool Size [NPV] (mn) | C40: ND1
A41: OG.3.1.2 | B41: Outstanding Covered Bonds [NPV] (mn) | C41: ND1
A42: OG.3.1.3
A43: OG.3.1.4
B44: 2. Over-collateralisation (OC) | C44: Legal | D44: Actual | F44: Minimum Committed | G44: Purpose
A45: G.3.2.1 | B45: OC (%) | C45: 0.1 | D45: =C38/C39-1 -> 6.4834403 | F45: ND2 | G45: ND2
A46: OG.3.2.1 | B46: Optional information e.g. Asset Coverage Test (ACT)
A47: OG.3.2.2 | B47: Optional information e.g. OC (NPV basis)
A48: OG.3.2.3
A49: OG.3.2.4
A50: OG.3.2.5
A51: OG.3.2.6
B52: 3. Cover Pool Composition | C52: Nominal (mn) | F52: % Cover Pool
A53: G.3.3.1 | B53: Mortgages | C53: 2.9818227e+09 | F53: =IF($C$58=0,"",IF(C53="[for completion]","",C53/$C$58)) -> 0.99614034
A54: G.3.3.2 | B54: Public Sector | C54: 0 | F54: =IF($C$58=0,"",IF(C54="[for completion]","",C54/$C$58)) -> 0
A55: G.3.3.3 | B55: Shipping | C55: 0 | F55: =IF($C$58=0,"",IF(C55="[for completion]","",C55/$C$58)) -> 0
A56: G.3.3.4 | B56: Substitute Assets | C56: 11553424 | F56: =IF($C$58=0,"",IF(C56="[for completion]","",C56/$C$58)) -> 0.0038596633
A57: G.3.3.5 | B57: Other | C57: 0 | F57: =IF($C$58=0,"",IF(C57="[for completion]","",C57/$C$58)) -> 0
A58: G.3.3.6 | B58: Total | C58: =SUM(C53:C57) -> 2.9933761e+09 | F58: =SUM(F53:F57) -> 1
A59: OG.3.3.1 | B59: o/w [If relevant, please specify] | F59: =IF($C$58=0,"",IF(C59="","",C59/$C$58))
A60: OG.3.3.2 | B60: o/w [If relevant, please specify] | F60: =IF($C$58=0,"",IF(C60="","",C60/$C$58))
A61: OG.3.3.3 | B61: o/w [If relevant, please specify] | F61: =IF($C$58=0,"",IF(C61="","",C61/$C$58))
A62: OG.3.3.4 | B62: o/w [If relevant, please specify] | F62: =IF($C$58=0,"",IF(C62="","",C62/$C$58))
A63: OG.3.3.5 | B63: o/w [If relevant, please specify] | F63: =IF($C$58=0,"",IF(C63="","",C63/$C$58))
A64: OG.3.3.6 | B64: o/w [If relevant, please specify] | F64: =IF($C$58=0,"",IF(C64="","",C64/$C$58))
B65: 4. Cover Pool Amortisation Profile | C65: Contractual (mn) | D65: Expected Upon Prepayments (mn) | F65: % Total Contractual | G65: % Total Expected Upon Prepayments
A66: G.3.4.1 | B66: Weighted Average life (in years) | C66: 20.08 | D66: ND1
B68: By buckets:
A69: G.3.4.2 | B69: 0 - 1 Y | C69: 1.4605278e+08 | D69: ND1 | F69: =IF($C$76=0,"",IF(C69="[for completion]","",C69/$C$76)) -> 0.048791991 | G69: =IF($D$76=0,"",IF(D69="ND1","",D69/$D$76))
A70: G.3.4.3 | B70: 1 - 2 Y | C70: 1.4989707e+08 | D70: ND1 | F70: =IF($C$76=0,"",IF(C70="[for completion]","",C70/$C$76)) -> 0.050076256 | G70: =IF($D$76=0,"",IF(D70="ND1","",D70/$D$76))
A71: G.3.4.4 | B71: 2 - 3 Y | C71: 1.5259394e+08 | D71: ND1 | F71: =IF($C$76=0,"",IF(C71="[for completion]","",C71/$C$76)) -> 0.050977202 | G71: =IF($D$76=0,"",IF(D71="ND1","",D71/$D$76))
A72: G.3.4.5 | B72: 3 - 4 Y | C72: 1.5426051e+08 | D72: ND1 | F72: =IF($C$76=0,"",IF(C72="[for completion]","",C72/$C$76)) -> 0.051533954 | G72: =IF($D$76=0,"",IF(D72="ND1","",D72/$D$76))
A73: G.3.4.6 | B73: 4 - 5 Y | C73: 1.5123979e+08 | D73: ND1 | F73: =IF($C$76=0,"",IF(C73="[for completion]","",C73/$C$76)) -> 0.05052482 | G73: =IF($D$76=0,"",IF(D73="ND1","",D73/$D$76))
A74: G.3.4.7 | B74: 5 - 10 Y | C74: 6.956624e+08 | D74: ND1 | F74: =IF($C$76=0,"",IF(C74="[for completion]","",C74/$C$76)) -> 0.2324006 | G74: =IF($D$76=0,"",IF(D74="ND1","",D74/$D$76))
A75: G.3.4.8 | B75: 10+ Y | C75: 1.5436696e+09 | D75: ND1 | F75: =IF($C$76=0,"",IF(C75="[for completion]","",C75/$C$76)) -> 0.51569518 | G75: =IF($D$76=0,"",IF(D75="ND1","",D75/$D$76))
A76: G.3.4.9 | B76: Total | C76: =SUM(C69:C75) -> 2.9933761e+09 | D76: 0 | F76: =SUM(F69:F75) -> 1 | G76: 0
A77: OG.3.4.1 | B77: o/w 0-1 day | C77: 0 | D77: ND1 | F77: =IF($C$76=0,"",IF(C77="[for completion]","",C77/$C$76)) -> 0 | G77: =IF($D$76=0,"",IF(D77="ND1","",D77/$D$76))
A78: OG.3.4.2 | B78: o/w 0-0.5y | C78: 72368744 | D78: ND1 | F78: =IF($C$76=0,"",IF(C78="[for completion]","",C78/$C$76)) -> 0.024176295 | G78: =IF($D$76=0,"",IF(D78="ND1","",D78/$D$76))
A79: OG.3.4.3 | B79: o/w 0.5-1 y | C79: 73684037 | D79: ND1 | F79: =IF($C$76=0,"",IF(C79="[for completion]","",C79/$C$76)) -> 0.024615696 | G79: =IF($D$76=0,"",IF(D79="ND1","",D79/$D$76))
A80: OG.3.4.4 | B80: o/w 1-1.5y | C80: 74847762 | D80: ND1 | F80: =IF($C$76=0,"",IF(C80="[for completion]","",C80/$C$76)) -> 0.025004463 | G80: =IF($D$76=0,"",IF(D80="ND1","",D80/$D$76))
A81: OG.3.4.5 | B81: o/w 1.5-2 y | C81: 75049307 | D81: ND1 | F81: =IF($C$76=0,"",IF(C81="[for completion]","",C81/$C$76)) -> 0.025071793 | G81: =IF($D$76=0,"",IF(D81="ND1","",D81/$D$76))
A82: OG.3.4.6 | G82: =IF($D$76=0,"",IF(D82="","",D82/$D$76))
A83: OG.3.4.7 | G83: =IF($D$76=0,"",IF(D83="","",D83/$D$76))
A84: OG.3.4.8 | G84: =IF($D$76=0,"",IF(D84="","",D84/$D$76))
A85: OG.3.4.9 | F85: =IF($C$76=0,"",IF(C85="[for completion]","",C85/$C$76)) -> 0 | G85: =IF($D$76=0,"",IF(D85="","",D85/$D$76))
A86: OG.3.4.10 | F86: =IF($C$76=0,"",IF(C86="[for completion]","",C86/$C$76)) -> 0 | G86: =IF($D$76=0,"",IF(D86="","",D86/$D$76))
B87: 5. Maturity of Covered Bonds | C87: Initial Maturity (mn) | D87: Extended Maturity (mn) | F87: % Total Initial Maturity | G87: % Total Extended Maturity
A88: G.3.5.1 | B88: Weighted Average life (in years) | C88: 4.03 | D88: ND1
A90: G.3.5.2 | B90: By buckets:
A91: G.3.5.3 | B91: 0 - 1 Y | C91: 0 | D91: ND1 | F91: =IF($C$98=0,"",IF(C91="[for completion]","",C91/$C$98)) -> 0 | G91: =IF($D$98=0,"",IF(D91="[Mark as ND1 if not relevant]","",D91/$D$98))
A92: G.3.5.4 | B92: 1 - 2 Y | C92: 0 | D92: ND1 | F92: =IF($C$98=0,"",IF(C92="[for completion]","",C92/$C$98)) -> 0 | G92: =IF($D$98=0,"",IF(D92="[Mark as ND1 if not relevant]","",D92/$D$98))
A93: G.3.5.5 | B93: 2 - 3 Y | C93: 0 | D93: ND1 | F93: =IF($C$98=0,"",IF(C93="[for completion]","",C93/$C$98)) -> 0 | G93: =IF($D$98=0,"",IF(D93="[Mark as ND1 if not relevant]","",D93/$D$98))
A94: G.3.5.6 | B94: 3 - 4 Y | C94: 0 | D94: ND1 | F94: =IF($C$98=0,"",IF(C94="[for completion]","",C94/$C$98)) -> 0 | G94: =IF($D$98=0,"",IF(D94="[Mark as ND1 if not relevant]","",D94/$D$98))
A95: G.3.5.7 | B95: 4 - 5 Y | C95: 400000000 | D95: ND1 | F95: =IF($C$98=0,"",IF(C95="[for completion]","",C95/$C$98)) -> 1 | G95: =IF($D$98=0,"",IF(D95="[Mark as ND1 if not relevant]","",D95/$D$98))
A96: G.3.5.8 | B96: 5 - 10 Y | C96: 0 | D96: ND1 | F96: =IF($C$98=0,"",IF(C96="[for completion]","",C96/$C$98)) -> 0 | G96: =IF($D$98=0,"",IF(D96="[Mark as ND1 if not relevant]","",D96/$D$98))
A97: G.3.5.9 | B97: 10+ Y | C97: 0 | D97: ND1 | F97: =IF($C$98=0,"",IF(C97="[for completion]","",C97/$C$98)) -> 0 | G97: =IF($D$98=0,"",IF(D97="[Mark as ND1 if not relevant]","",D97/$D$98))
A98: G.3.5.10 | B98: Total | C98: =SUM(C91:C97) -> 400000000 | D98: =SUM(D91:D97) -> 0 | F98: =SUM(F91:F97) -> 1 | G98: =SUM(G91:G97) -> 0
A99: OG.3.5.1 | B99: o/w 0-1 day | C99: 0 | D99: 0 | F99: =IF($C$98=0,"",IF(C99="[for completion]","",C99/$C$98)) -> 0 | G99: =IF($D$98=0,"",IF(D99="[for completion]","",D99/$D$98))
A100: OG.3.5.2 | B100: o/w 0-0.5y | C100: 0 | D100: 0 | F100: =IF($C$98=0,"",IF(C100="[for completion]","",C100/$C$98)) -> 0 | G100: =IF($D$98=0,"",IF(D100="[for completion]","",D100/$D$98))
A101: OG.3.5.3 | B101: o/w 0.5-1 y | C101: 0 | D101: 0 | F101: =IF($C$98=0,"",IF(C101="[for completion]","",C101/$C$98)) -> 0 | G101: =IF($D$98=0,"",IF(D101="[for completion]","",D101/$D$98))
A102: OG.3.5.4 | B102: o/w 1-1.5y | C102: 0 | D102: 0 | F102: =IF($C$98=0,"",IF(C102="[for completion]","",C102/$C$98)) -> 0 | G102: =IF($D$98=0,"",IF(D102="[for completion]","",D102/$D$98))
A103: OG.3.5.5 | B103: o/w 1.5-2 y | C103: 0 | D103: 0 | F103: =IF($C$98=0,"",IF(C103="[for completion]","",C103/$C$98)) -> 0 | G103: =IF($D$98=0,"",IF(D103="[for completion]","",D103/$D$98))
A104: OG.3.5.6
A105: OG.3.5.7
...

Sheet B1. HTT Mortgage Assets
A1: B1. Harmonised Transparency Template - Mortgage Assets
B3: Reporting in Domestic Currency | C3: PLN
B5: CONTENT OF TAB B1
B6: 7. Mortgage Assets
B7: 7.A Residential Cover Pool
B8: 7.B Commercial Cover Pool
A10: Field Number | B10: 7. Mortgage Assets
B11: 1. Property Type Information | C11: Nominal (mn) | F11: % Total Mortgages
A12: M.7.1.1 | B12: Residential | C12: 2.9818227e+09 | F12: =IF($C$15=0,"",IF(C12="[for completion]","",C12/$C$15)) -> 1
A13: M.7.1.2 | B13: Commercial | C13: 0 | F13: =IF($C$15=0,"",IF(C13="[for completion]","",C13/$C$15)) -> 0
A14: M.7.1.3 | B14: Other | C14: 0 | F14: =IF($C$15=0,"",IF(C14="[for completion]","",C14/$C$15)) -> 0
A15: M.7.1.4 | B15: Total | C15: =SUM(C12:C14) -> 2.9818227e+09 | F15: =SUM(F12:F14) -> 1
A16: OM.7.1.1 | B16: o/w Housing Cooperatives / Multi-family assets | F16: =IF($C$15=0,"",IF(C16="","",C16/$C$15))
A17: OM.7.1.2 | B17: o/w Forest & Agriculture | F17: =IF($C$15=0,"",IF(C17="","",C17/$C$15))
A18: OM.7.1.3 | B18: o/w [If relevant, please specify] | F18: =IF($C$15=0,"",IF(C18="","",C18/$C$15))
A19: OM.7.1.4 | B19: o/w [If relevant, please specify] | F19: =IF($C$15=0,"",IF(C19="","",C19/$C$15))
A20: OM.7.1.5 | B20: o/w [If relevant, please specify] | F20: =IF($C$15=0,"",IF(C20="","",C20/$C$15))
A21: OM.7.1.6 | B21: o/w [If relevant, please specify] | F21: =IF($C$15=0,"",IF(C21="","",C21/$C$15))
A22: OM.7.1.7 | B22: o/w [If relevant, please specify] | F22: =IF($C$15=0,"",IF(C22="","",C22/$C$15))
A23: OM.7.1.8 | B23: o/w [If relevant, please specify] | F23: =IF($C$15=0,"",IF(C23="","",C23/$C$15))
A24: OM.7.1.9 | B24: o/w [If relevant, please specify] | F24: =IF($C$15=0,"",IF(C24="","",C24/$C$15))
A25: OM.7.1.10 | B25: o/w [If relevant, please specify] | F25: =IF($C$15=0,"",IF(C25="","",C25/$C$15))
A26: OM.7.1.11 | B26: o/w [If relevant, please specify] | F26: =IF($C$15=0,"",IF(C26="","",C26/$C$15))
B27: 2. General Information | C27: Residential Loans | D27: Commercial Loans | F27: Total Mortgages
A28: M.7.2.1 | B28: Number of mortgage loans | C28: =15766 -> 15766 | D28: ND2 | F28: =C28 -> 15766
A29: OM.7.2.1 | B29: Optional information eg, Number of borrowers | C29: 27110 | F29: =SUM(C29:D29) -> 27110
A30: OM.7.2.2 | B30: Optional information eg, Number of guarantors
A31: OM.7.2.3
A32: OM.7.2.4
A33: OM.7.2.5
A34: OM.7.2.6
B35: 3. Concentration Risks | C35: % Residential Loans | D35: % Commercial Loans | F35: % Total Mortgages
A36: M.7.3.1 | B36: 10 largest exposures | C36: =7937620.74/C12 -> 0.0026620029 | D36: ND2 | F36: =7937620.74/(C12+C13+C14) -> 0.0026620029
A37: OM.7.3.1
A38: OM.7.3.2
A39: OM.7.3.3
A40: OM.7.3.4
A41: OM.7.3.5
A42: OM.7.3.6
B43: 4. Breakdown by Geography | C43: % Residential Loans | D43: % Commercial Loans | F43: % Total Mortgages
A44: M.7.4.1 | B44: European Union | C44: =SUM(C45:C72) -> 1 | D44: 0 | F44: =SUM(F45:F72) -> 1
A45: M.7.4.2 | B45: Austria | C45: 0 | D45: 0 | F45: 0
A46: M.7.4.3 | B46: Belgium | C46: 0 | D46: 0 | F46: 0
A47: M.7.4.4 | B47: Bulgaria | C47: 0 | D47: 0 | F47: 0
A48: M.7.4.5 | B48: Croatia | C48: 0 | D48: 0 | F48: 0
A49: M.7.4.6 | B49: Cyprus | C49: 0 | D49: 0 | F49: 0
A50: M.7.4.7 | B50: Czech Republic | C50: 0 | D50: 0 | F50: 0
A51: M.7.4.8 | B51: Denmark | C51: 0 | D51: 0 | F51: 0
A52: M.7.4.9 | B52: Estonia | C52: 0 | D52: 0 | F52: 0
A53: M.7.4.10 | B53: Finland | C53: 0 | D53: 0 | F53: 0
A54: M.7.4.11 | B54: France | C54: 0 | D54: 0 | F54: 0
A55: M.7.4.12 | B55: Germany | C55: 0 | D55: 0 | F55: 0
A56: M.7.4.13 | B56: Greece | C56: 0 | D56: 0 | F56: 0
... A72: M.7.4.29 | B72: United Kingdom | C72: 0 | D72: 0 | F72: 0
A73: M.7.4.30 | B73: European Economic Area (not member of EU) | C73: =SUM(C74:C76) -> 0 | D73: 0 | F73: =SUM(F74:F76) -> 0
A74: M.7.4.31 | B74: Iceland | C74: 0 | D74: 0 | F74: 0
A75: M.7.4.32 | B75: Liechtenstein | C75: 0 | D75: 0 | F75: 0
A76: M.7.4.33 | B76: Norway | C76: 0 | D76: 0 | F76: 0
A77: M.7.4.34 | B77: Other | C77: =SUM(C78:C87) -> 0 | D77: 0 | F77: =SUM(F78:F87) -> 0
A78: M.7.4.35 | B78: Switzerland | C78: 0 | D78: 0 | F78: 0
A79: M.7.4.36 | B79: Australia | C79: 0 | D79: 0 | F79: 0
A80: M.7.4.37 | B80: Brazil | C80: 0 | D80: 0 | F80: 0
A81: M.7.4.38 | B81: Canada | C81: 0 | D81: 0 | F81: 0
A82: M.7.4.39 | B82: Japan | C82: 0 | D82: 0 | F82: 0
A83: M.7.4.40 | B83: Korea | C83: 0 | D83: 0 | F83: 0
A84: M.7.4.41 | B84: New Zealand | C84: 0 | D84: 0 | F84: 0
A85: M.7.4.42 | B85: Singapore | C85: 0 | D85: 0 | F85: 0
A86: M.7.4.43 | B86: US | C86: 0 | D86: 0 | F86: 0
A87: M.7.4.44 | B87: Other | C87: 0 | D87: 0 | F87: 0
A88: OM.7.4.1 | B88: o/w [If relevant, please specify]
A89: OM.7.4.2 | B89: o/w [If relevant, please specify]
A90: OM.7.4.3 | B90: o/w [If relevant, please specify]
A91: OM.7.4.4 | B91: o/w [If relevant, please specify]
A92: OM.7.4.5 | B92: o/w [If relevant, please specify]
A93: OM.7.4.6 | B93: o/w [If relevant, please specify]
A94: OM.7.4.7 | B94: o/w [If relevant, please specify]
A95: OM.7.4.8 | B95: o/w [If relevant, please specify]
A96: OM.7.4.9 | B96: o/w [If relevant, please specify]
A97: OM.7.4.10 | B97: o/w [If relevant, please specify]
B98: 5. Breakdown by domestic regions | C98: % Residential Loans | D98: % Commercial Loans | F98: % Total Mortgages
A99: M.7.5.1 | B99: Województwo dolnośląskie | C99: =326611572.17/C12 -> 0.1095342 | D99: 0 | F99: =(C99*$C$12+D99*$C$13)/$C$15 -> 0.1095342
A100: M.7.5.2 | B100: Województwo kujawsko-pomorskie | C100: =89855752.4/C12 -> 0.030134506 | D100: 0 | F100: =(C100*$C$12+D100*$C$13)/$C$15 -> 0.030134506
A101: M.7.5.3 | B101: Województwo lubelskie | C101: =73757993.66/C12 -> 0.024735875 | D101: 0 | F101: =(C101*$C$12+D101*$C$13)/$C$15 -> 0.024735875
A102: M.7.5.4 | B102: Województwo lubuskie | C102: =44960072.66/C12 -> 0.01507805 | D102: 0 | F102: =(C102*$C$12+D102*$C$13)/$C$15 -> 0.01507805
A103: M.7.5.5 | B103: Województwo łódzkie | C103: =94079338.88/C12 -> 0.03155095 | D103: 0 | F103: =(C103*$C$12+D103*$C$13)/$C$15 -> 0.03155095
A104: M.7.5.6 | B104: Województwo małopolskie | C104: =536631337.57/C12 -> 0.17996756 | D104: 0 | F104: =(C104*$C$12+D104*$C$13)/$C$15 -> 0.17996756
A105: M.7.5.7 | B105: Województwo mazowieckie | C105: =622135315.64/C12 -> 0.20864263 | D105: 0 | F105: =(C105*$C$12+D105*$C$13)/$C$15 -> 0.20864263
A106: M.7.5.8 | B106: Województwo opolskie | C106: =90227376.82/C12 -> 0.030259136 | D106: 0 | F106: =(C106*$C$12+D106*$C$13)/$C$15 -> 0.030259136
A107: M.7.5.9 | B107: Województwo podkarpackie | C107: =50371797.61/C12 -> 0.016892955 | D107: 0 | F107: =(C107*$C$12+D107*$C$13)/$C$15 -> 0.016892955
A108: M.7.5.10 | B108: Województwo podlaskie | C108: =47126275.1/C12 -> 0.01580452 | D108: 0 | F108: =(C108*$C$12+D108*$C$13)/$C$15 -> 0.01580452
A109: M.7.5.11 | B109: Województwo pomorskie | C109: =150857599.37/C12 -> 0.050592411 | D109: 0 | F109: =(C109*$C$12+D109*$C$13)/$C$15 -> 0.050592411
A110: M.7.5.12 | B110: Województwo śląskie | C110: =482783666.12/C12 -> 0.16190891 | D110: 0 | F110: =(C110*$C$12+D110*$C$13)/$C$15 -> 0.16190891
A111: M.7.5.13 | B111: Województwo świętokrzyskie | C111: =29062628.58/C12 -> 0.0097465985 | D111: 0 | F111: =(C111*$C$12+D111*$C$13)/$C$15 -> 0.0097465985
A112: M.7.5.14 | B112: Województwo warmińsko-mazurskie | C112: =30427125.62/C12 -> 0.010204204 | D112: 0 | F112: =(C112*$C$12+D112*$C$13)/$C$15 -> 0.010204204
A113: M.7.5.15 | B113: Województwo wielkopolskie | C113: =233292571.69/C12 -> 0.078238244 | D113: 0 | F113: =(C113*$C$12+D113*$C$13)/$C$15 -> 0.078238244
A114: M.7.5.16 | B114: Województwo zachodniopomorskie | C114: =79642256.46/C12 -> 0.026709253 | D114: 0 | F114: =(C114*$C$12+D114*$C$13)/$C$15 -> 0.026709253
B115: 6. Breakdown by Interest Rate | C115: % Residential Loans | D115: % Commercial Loans | F115: % Total Mortgages
A116: M.7.6.1 | B116: Fixed rate | C116: =0/C12 -> 0 | D116: 0 | F116: =(C116*C12+D116*C13)/$C$15 -> 0
A117: M.7.6.2 | B117: Floating rate | C117: =2981822680.35/C12 -> 1 | D117: 0 | F117: =(C117*C12+D117*C13)/C15 -> 1
A118: M.7.6.3 | B118: Other | C118: 0 | D118: 0 | F118: 0
...

Sheet C. HTT Harmonised Glossary
A1: C. Harmonised Transparency Template - Glossary
A3: The definitions below reflect the national specificities
A5: Field Number | B5: 1. Glossary - Standard Harmonised Items | C5: [Insert Definition Below]
A6: HG.1.1 | B6: OC Calculation: Actual
A7: HG.1.2 | B7: OC Calculation: Legal minimum
A8: HG.1.3 | B8: OC Calculation: Committed
A9: HG.1.4 | B9: Interest Rate Types
A10: HG.1.5 | B10: Maturity Buckets of Cover assets [i.e. how is the contractual and/or expected maturity defined? What assumptions eg, in terms of prepayments? etc.]
A11: HG.1.6 | B11: Maturity Buckets of Covered Bonds [i.e. how is the contractual and/or expected maturity defined? What maturity structure (hard bullet, soft bullet, conditional pass through)? Under what conditions/circumstances? Etc.]
A12: HG.1.7 | B12: LTVs: Definition
A13: HG.1.8 | B13: LTVs: Calculation of property/shipping value
A14: HG.1.9 | B14: LTVs: Applied property/shipping valuation techniques, including whether use of index, Automated Valuation Model (AVM) or on-site audits
A15: HG.1.10 | B15: LTVs: Frequency and time of last valuation
A16: HG.1.11 | B16: Explain how mortgage types are defined whether for residential housing, multi-family housing, commercial real estate, etc. Same for shipping where relecvant
A17: HG.1.12 | B17: Hedging Strategy (please explain how you address interest rate and currency risk)
... A19: OHG.1.1 | B19: NPV assumptions (when stated)
A20: OHG.1.2
A21: OHG.1.3
A22: OHG.1.4
A23: OHG.1.5
B24: 2. Reason for No Data | C24: Value
A25: HG.2.1 | B25: Not applicable for the jurisdiction | C25: ND1
A26: HG.2.2 | B26: Not relevant for the issuer and/or CB programme at the present time | C26: ND2
A27: HG.2.3 | B27: Not available at the present time | C27: ND3
A28: HG.2.1
A29: OHG.2.1
A30: OHG.2.2
B31: 3. Glossary - Extra national and/or Issuer Items | C31: [Insert Definition Below]
A32: HG.3.1 | B32: Other definitions deemed relevant
A33: OHG.3.1
A34: OHG.3.2
A35: OHG.3.3
A36: OHG.3.4
A37: OHG.3.5
